 Dungeon Crawl Stone Soup version 0.30-a0-721-ga6a225cb13 (webtiles) character file.

Game seed: 9323225406457168423

14394 Ijustatesigmund the Eclecticist (level 11, -14/91 HPs)
             Began as a Deep Elf Conjurer on Jan 27, 2023.
             Was a Follower of Vehumet.
             Demolished by a wolf (15 damage)
             ... in a Gauntlet.
             The game lasted 00:55:51 (15460 turns).

Ijustatesigmund the Eclecticist (DECj)             Turns: 15460, Time: 00:55:51

Health: -14/91     AC: 20    Str:  4    XL:     11   Next: 88%
Magic:  23/32      EV: 14    Int: 31    God:    Vehumet [*.....]
Gold:   1238       SH:  0    Dex: 13    Spells: 19/40 levels left

rFire   + . .      SeeInvis .    g - +2 trident (protect)
rCold   . . .      Faith    .    (no shield)
rNeg    . . .      Spirit   .    a - +1 steam dragon scales
rPois   .          Reflect  .    D - +1 helmet "Wecaes" {Drain rF+ rCorr Int+3}
rElec   .          Harm     .    (no cloak)
rCorr   +          Rampage  .    j - +1 pair of gloves {Stlth+}
Will    +....      NoTele   +    i - +2 pair of boots Stlth
                                 (no amulet)
HPRegen 0.35/turn                p - ring of wizardry
MPRegen 0.23/turn                E - ring of flight

@: berserking, under a protective aura, flying, very quick
A: no striking features
a: Renounce Religion


You were in a Gauntlet.
You worshipped Vehumet.
Vehumet was aware of your devotion.
You visited 2 branches of the dungeon, and saw 13 of its levels.
You also visited: Ossuary and Gauntlet.

You collected 1816 gold pieces.
You spent 578 gold pieces at shops.

Inventory:

Hand Weapons
 g - a +2 trident of protection (weapon)
Missiles
 k - 4 curare-tipped darts
 r - a throwing net
Armour
 a - +1 steam dragon scales (worn)
 h - a +2 robe of cold resistance
 i - a +2 pair of boots (worn)
 j - a +1 pair of gloves of stealth (worn)
 s - +0 acid dragon scales
 v - a +0 troll leather armour
 C - a +2 robe of willpower
 D - the +1 helmet "Wecaes" (worn) {Drain rF+ rCorr Int+3}
   (You bought it in a shop on level 8 of the Dungeon)

   Int:       It affects your intelligence (+3).
   rF:        It protects you from fire.
   rCorr:     It protects you from acid and corrosion.
   Drain:     It drains your maximum health when unequipped.
Jewellery
 p - a ring of wizardry (left hand)
 E - a ring of flight (right hand)
Wands
 m - a wand of mindburst (12)
 x - a wand of polymorph (16)
 z - a wand of flame (36)
Scrolls
 c - 2 scrolls of magic mapping
 o - 4 scrolls of fog
 q - 2 scrolls of poison
 w - 2 scrolls of noise
 y - 2 scrolls of brand weapon
 A - a scroll of enchant armour
 B - 2 scrolls of enchant weapon
Potions
 b - 2 potions of magic
 e - a potion of mutation
 f - 2 potions of cancellation
 n - a potion of ambrosia
 t - a potion of lignification
 u - a potion of berserk rage


   Skills:
 - Level 4.0 Fighting
 - Level 6.9 Dodging
 - Level 2.4 Stealth
 + Level 15.2 Spellcasting
 + Level 12.0 Conjurations
 - Level 6.3 Hexes
 + Level 4.8 Necromancy
 - Level 6.0 Ice Magic
 - Level 2.5 Evocations


You had 19 spell levels left.
You knew the following spells:

 Your Spells              Type           Power      Damage    Failure   Level
a - Magic Dart            Conj           100%       1d8       0%          1
b - Searing Ray           Conj           100%       2d8       0%          2
c - Metabolic Englaciati  Hex/Ice        29%        N/A       1%          5
d - Simulacrum            Ice/Necr       27%        N/A       12%         6
e - Orb of Destruction    Conj           39%        9d11      4%          7

Your spell library contained the following spells:

 Spells                   Type           Power      Damage    Failure   Level
 Freeze                   Ice            100%       1d10      1%          1
 Dazzling Flash           Conj/Hex       100%       N/A       1%          3
 Hailstorm                Conj/Ice       68%        3d14      1%          3
 Ozocubu's Armour         Ice            57%        N/A       1%          3
 Summon Guardian Golem    Hex/Summ       43%        N/A       1%          3
 Fulminant Prism          Conj/Hex       34%        3d16      1%          4
 Iskenderun's Mystic Bla  Conj/Tloc      57%        2d12      1%          4
 Kindle Blastsparks       Fire/Tloc/Air  46%        2d13      2%          3
 Ice Form                 Ice/Tmut       42%        N/A       2%          4
 Lee's Rapid Deconstruct  Erth           11%        3d8*      21%         5
 Spellforged Servitor     Conj/Summ      28%        N/A       45%         7


Dungeon Overview and Level Annotations

Branches:
Dungeon (12/15)            Temple (1/1) D:4            Lair (0/5) D:10
    Orc (0/2) D:11        Ossuary (visited)         Gauntlet (1/1)

Altars:
Ashenzari
Cheibriados
Dithmenos
Elyvilon
Fedhas
Gozag
Hepliaklqana
Kikubaaqudgha
Makhleb
Nemelex Xobeh
Okawaru
Qazlal
Ru
Sif Muna
Trog
Uskayaw
Vehumet
Wu Jian
Xom
Yredelemnul
Zin
The Shining One

Shops:
D:8 [

Annotations:
Gauntlet 11 transporters, 3 runed translucent doors, exclusion: orange crystal statue


Message History

The wolf closely misses you. The wolf bites you!
* * * LOW HITPOINT WARNING * * *
You barely miss the wolf.
The wolf is moderately wounded.
The wolf bites you but does no damage. The wolf completely misses you.
The wolf bites you but does no damage. The wolf barely misses you.
The wolf bites you but does no damage.
You closely miss the wolf.
The wolf is moderately wounded.
The wolf bites you but does no damage. x3; The wolf closely misses you.
The wolf misses you.
You barely miss the wolf.
The wolf is moderately wounded.
The wolf barely misses you. The wolf bites you.
* * * LOW HITPOINT WARNING * * *
The wolf barely misses you. The wolf bites you!
* * * LOW HITPOINT WARNING * * *
The wolf bites you but does no damage. The wolf misses you.
You hit the wolf but do no damage.
Your weapon exudes an aura of protection.
The wolf is moderately wounded.
The wolf closely misses you. The wolf barely misses you. x2
The wolf closely misses you. The wolf misses you.
The wolf bites you but does no damage. The wolf barely misses you.
You are too berserk!
You hit the wolf.
The wolf is heavily wounded.
The wolf closely misses you. The wolf barely misses you.
The wolf bites you but does no damage.
You barely miss the wolf.
The wolf is heavily wounded.
The wolf bites you!
* * * LOW HITPOINT WARNING * * *
The wolf barely misses you. The wolf misses you. The wolf barely misses you.
The wolf bites you but does no damage. The wolf closely misses you. x2
The wolf misses you.
You puncture the wolf!
The wolf is severely wounded.
The wolf barely misses you. x2; The wolf closely misses you.
The wolf bites you!
You die...

#≈≈..♣P..#.#.##...$#.#
#≈....P..#.#......
####..♣P.P♣.#.#####
#≈≈.........#.#....
#≈..#########.#...♣
##...#.......#.#..P.
##≈.∩.#.###.#.#.#.#≈#
##≈≈...#..#.h.=#.#.≈≈≈
#≈≈≈♣.©##.#@#.©#©#.#≈#
##≈≈...##hhh#..#.#.≈≈≈
##≈.∩.###h###!#.#.#≈
##...#.......#.#..
#≈..#########.#..P
#≈≈.........#.#....
####..♣PP.♣.#.#####
#≈...P.P.#.#....
#≈≈..♣.P.#.#..# ..


You could see 5 wolves.

Vanquished Creatures
  Fannar (D:10)
  Erica (D:8)
  2 two-headed ogres
  Sonja (D:11)
  A moth of wrath (Gauntlet)
  Maurice (D:8)
  A manticore (D:7)
  Joseph (D:10)
  2 gargoyles
  An unseen horror (D:10)
  Maggie (D:6)
  A kobold demonologist (D:10)
  2 komodo dragons
  A troll (D:11)
  A hornet (D:10)
  Sigmund (D:6)
  2 shadows (D:9)
  22 yaks
  2 steam dragons
  2 acid dragons
  3 water moccasins
  4 orc warriors
  An ice beast (D:5)
  4 black bears
  2 sky beasts (D:7)
  An ogre (D:5)
  5 centaurs
  2 phantoms
  2 kobold brigands
  3 bullfrogs
  2 scorpions
  A gnoll sergeant (D:10)
  A necrophage (D:5)
  4 wights (D:9)
  A killer bee (D:10)
  A howler monkey (D:6)
  2 centaur zombies (Ossuary)
  2 jellies
  3 hounds
  5 orc priests
  6 iguanas
  10 orc wizards
  7 mummies
  6 gnolls
  7 adders
  A shadow imp (D:6)
  3 white imps
  An ufetubus (D:5)
  2 dart slugs
  5 worms
  50 orcs
  11 ball pythons
  12 bats
  6 endoplasms
  7 giant cockroaches
  5 hobgoblins
  6 jackals
  10 kobolds
  4 quokkas
  3 frilled lizards
  3 goblins (D:1)
  2 goblin zombies (D:7)
  3 hobgoblin zombies (Ossuary)
  13 rats
279 creatures vanquished.

Vanquished Creatures (others)
  27 fungi (D:10)
  51 plants
78 creatures vanquished.

Grand Total: 357 creatures vanquished

Notes
Turn   | Place    | Note
-------+----------+-------------------------------------------
     0 | D:1      | Ijustatesigmund the Deep Elf Conjurer began the quest for
                  | the Orb.
     0 | D:1      | Reached XP level 1. HP: 10/10 MP: 6/6
   261 | D:1      | Reached XP level 2. HP: 15/15 MP: 5/8
   849 | D:1      | Reached skill level 4 in Spellcasting
  1303 | D:2      | Reached skill level 5 in Conjurations
  1303 | D:2      | Reached XP level 3. HP: 19/19 MP: 7/10
  1658 | D:2      | Learned a level 2 spell: Searing Ray
  1734 | D:2      | Reached XP level 4. HP: 24/24 MP: 10/12
  1781 | D:2      | Found a broken altar of Ashenzari.
  1797 | D:2      | You fall into a shaft and drop 1 floor!
  1850 | D:3      | Identified a scroll of acquirement
  1850 | D:3      | Acquired 1216 gold pieces
  2049 | D:3      | Reached skill level 5 in Spellcasting
  2236 | D:3      | Found a shimmering altar of Xom.
  2445 | D:3      | Reached XP level 5. HP: 28/28 MP: 5/14
  2955 | D:3      | Found a stormy altar of Qazlal.
  3052 | D:3      | Found a blossoming altar of Fedhas.
  3451 | D:4      | Reached skill level 6 in Spellcasting
  3615 | D:4      | Noticed a phantom
  3624 | D:4      | Killed a phantom
  3625 | D:4      | Reached skill level 1 in Fighting
  3625 | D:4      | Reached XP level 6. HP: 30/34 MP: 5/17
  3787 | D:4      | Found a staircase to the Ecumenical Temple.
  3800 | Temple   | Entered the Ecumenical Temple
  4839 | D:5      | Entered Level 5 of the Dungeon
  4845 | D:5      | Noticed an ice beast
  4851 | D:5      | Killed an ice beast
  4916 | D:5      | Reached skill level 7 in Spellcasting
  4916 | D:5      | Reached XP level 7. HP: 40/40 MP: 9/19
  5165 | D:5      | Found an ornate altar of the Wu Jian Council.
  5448 | D:5      | Found a sparkling altar of Nemelex Xobeh.
  5642 | D:5      | Reached skill level 8 in Spellcasting
  5919 | D:6      | Noticed Sigmund
  5929 | D:6      | Killed Sigmund
  5930 | D:6      | Reached XP level 8. HP: 46/46 MP: 16/22
  5937 | D:6      | Noticed Maggie
  6157 | D:6      | Reached skill level 9 in Spellcasting
  6222 | D:6      | Reached skill level 5 in Dodging
  6497 | D:6      | Learned a level 5 spell: Metabolic Englaciation
  6580 | D:6      | Killed Maggie
  6581 | D:6      | Reached skill level 10 in Spellcasting
  6581 | D:6      | Reached skill level 1 in Ice Magic
  6581 | D:6      | Reached XP level 9. HP: 4/50 MP: 10/25
  7236 | D:6      | Found a white marble altar of Elyvilon.
  7236 | D:6      | Found a glowing golden altar of the Shining One.
  7237 | D:6      | Found a glowing silver altar of Zin.
  7321 | D:7      | Found an iron altar of Okawaru.
  7324 | D:7      | Noticed a manticore
  7331 | D:7      | Killed a manticore
  7333 | D:7      | Found a burning altar of Makhleb.
  7419 | D:7      | Found a sand-covered staircase.
  7426 | Ossuary  | Entered an ossuary
  7900 | D:7      | Reached skill level 1 in Evocations
  7992 | D:7      | Reached skill level 11 in Spellcasting
  8746 | D:8      | Found a radiant altar of Vehumet.
  8839 | D:8      | Noticed a komodo dragon
  8853 | D:8      | Killed a komodo dragon
  8854 | D:8      | Reached skill level 5 in Hexes
  8854 | D:8      | Reached skill level 5 in Ice Magic
  9037 | D:8      | Found Bisafizi's Antique Armour Emporium.
  9044 | D:8      | Bought a pair of glowing gloves for 255 gold pieces
  9044 | D:8      | Bought a pitted helmet for 323 gold pieces
  9044 | D:8      | Identified the +1 helmet "Wecaes" {Drain rF+ rCorr Int+3}
                  | (You bought it in a shop on level 8 of the Dungeon)
  9067 | D:8      | Noticed Erica
  9077 | D:8      | Killed Erica
  9078 | D:8      | Reached XP level 10. HP: 55/56 MP: 16/27
  9373 | D:8      | Noticed Maurice
  9380 | D:8      | Killed Maurice
  9381 | D:8      | Reached skill level 12 in Spellcasting
  9466 | D:8      | Found a sacrificial altar of Ru.
 10005 | D:8      | Noticed a two-headed ogre
 10048 | D:8      | Killed a two-headed ogre
 10652 | D:8      | Became a worshipper of Vehumet
 10696 | D:9      | Found an ancient bone altar of Kikubaaqudgha.
 10766 | D:9      | Reached skill level 13 in Spellcasting
 10772 | D:9      | Reached skill level 10 in Conjurations
 10975 | D:9      | Found a hide-covered altar of Uskayaw.
 10982 | D:10     | Entered Level 10 of the Dungeon
 10982 | D:10     | Noticed Joseph
 12342 | D:9      | Noticed a two-headed ogre
 12971 | D:10     | Noticed a gargoyle
 12973 | D:10     | Noticed Fannar
 12996 | D:10     | Reached XP level 11. HP: 53/60 MP: 24/30
 13015 | D:10     | HP: 2/60 [Fannar/bolt of cold (33)]
 13050 | D:10     | Reached skill level 14 in Spellcasting
 13051 | D:10     | Killed Fannar
 13061 | D:10     | Reached * piety under Vehumet
 13061 | D:10     | Offered knowledge of Freeze by Vehumet.
 13064 | D:10     | HP: 3/60 [Joseph/sling bullet (2)]
 13070 | D:10     | Killed Joseph
 13072 | D:10     | HP: 2/61 [orc wizard/+0 dagger (2)]
 13275 | D:10     | Learned a level 6 spell: Simulacrum
 13333 | D:10     | Learned a level 7 spell: Orb of Destruction
 13486 | D:10     | Found a staircase to the Lair.
 13764 | D:11     | Reached skill level 1 in Necromancy
 13791 | D:11     | Noticed Sonja
 13809 | D:11     | Killed Sonja
 14780 | D:11     | Found a staircase to the Orcish Mines.
 14780 | D:11     | Noticed a two-headed ogre
 14794 | D:11     | Killed a two-headed ogre
 14795 | D:11     | Reached skill level 15 in Spellcasting
 15304 | D:12     | Found a gate leading to a gauntlet.
 15313 | Gauntlet | Entered a Gauntlet
 15313 | Gauntlet | Found a transporter.
 15328 | Gauntlet | Found a transporter.
 15330 | Gauntlet | Found a transporter.
 15332 | Gauntlet | Noticed a sixfirhy
 15350 | Gauntlet | Found a transporter.
 15353 | Gauntlet | Found a transporter.
 15355 | Gauntlet | Noticed a death scarab
 15355 | Gauntlet | Noticed a death scarab
 15360 | Gauntlet | Found a transporter.
 15375 | Gauntlet | Noticed a hell beast
 15376 | Gauntlet | Found a runed translucent door.
 15377 | Gauntlet | Found a transporter.
 15378 | Gauntlet | Found a runed translucent door.
 15386 | Gauntlet | Noticed an orange crystal statue
 15387 | Gauntlet | Found a transporter.
 15394 | Gauntlet | Noticed a great orb of eyes
 15394 | Gauntlet | Noticed a green ugly thing
 15394 | Gauntlet | Noticed a brown ugly thing
 15396 | Gauntlet | Found a transporter.
 15400 | Gauntlet | Found a runed translucent door.
 15417 | Gauntlet | Found a transporter.
 15422 | Gauntlet | Noticed a soul eater
 15428 | Gauntlet | Found a transporter.
 15428 | Gauntlet | Found a transporter.
 15459 | Gauntlet | HP: 1/91 [wolf (7)]
 15460 | Gauntlet | Demolished by a wolf

Illustrated notes

Levels and vault maps discovered:
D:1:      dpeg_arrival_three_same_balls, layout_basic, minmay_parallelograms
D:2:      layout_rooms, basic_altar
D:3:      layout_basic, overflow_temple_1_default, fedhas_ov_isle_minmay,
          nicolae_qazlal_general_emergency, minmay_starry_boxes
D:4:      layout_cave_pods, minmay_temple_entry_ruins
D:5:      layout_loops_ring, nemelex_dance_club_becter,
          overflow_temple_1_default
D:6:      layout_rooms, good_gods_temple_1, uniq_sigmund, uniq_maggie
D:7:      layout_loops_ring, okawaru_metal_pillars_1_2, bloody_makhleb,
          nicolae_ossuary_entry_giza
D:8:      layout_basic, mainiacjoe_overflow_chevrons,
          nicolae_overflow_hidden_temple, serial_shops, shop,
          kennysheep_generic_room_3, uniq_erica, uniq_maurice
D:9:      layout_irregular_city, mainiacjoe_overflow_alcove_4,
          nicolae_uskayaw_murder_on_the_dancefloor
D:10:     layout_cave_pools, due_lair_maze_entry_diamond, uniq_fannar,
          uniq_joseph
D:11:     layout_small_grid, david_orc_2, kennysheep_generic_room_13, uniq_sonja
D:12:     layout_basic, gauntlet_entry_generic,
          portal_ice_cave_entry_animals_and_master, kiku_gazebo_pond_becter
Temple:   nicolae_temple_bog_church
Gauntlet: minmay_gauntlet_77_tree [minmay_gauntlet_arena_77_broken_ladder,
          minmay_gauntlet_arena_77_block_sizes,
          minmay_gauntlet_arena_77_double_cross,
          minmay_gauntlet_arena_77_radiant_squares,
          minmay_gauntlet_arena_77_cramped, minmay_gauntlet_arena_77_braids,
          minmay_gauntlet_arena_77_path, gauntlet_exit_watery]

Skill      XL: |  1  2  3  4  5  6  7  8  9 10 11 |
---------------+----------------------------------+-----
Spellcasting   | 4 5 6 7 8 10 11 13 15 | 15.2
Conjurations   | 5 6 7 8 10 12 | 12.0
Fighting       | 1 2 3 4 |  4.0
Dodging        | 3 5 6 |  6.9
Hexes          | 2 5 6 |  6.3
Ice Magic      | 1 5 6 |  6.0
Evocations     | 2 |  2.5
Necromancy     | 4 |  4.8
Stealth        | |  2.4

Action                     |  1- 3 |  4- 6 |  7- 9 | 10-12 || total
---------------------------+-------+-------+-------+-------++-------
  Melee: Trident           |       |     6 |     7 |    17 ||    30
  Throw: Dart              |       |       |     7 |     6 ||    13
   Cast: Magic Dart        |    68 |   143 |   123 |   130 ||   464
         Searing Ray       |       |     9 |    56 |    59 ||   124
         Metabolic Englaci |       |       |     4 |    22 ||    26
         Orb of Destructio |       |       |       |    14 ||    14
  Evoke: Wand              |       |       |    12 |    27 ||    39
    Use: Scroll            |     7 |     9 |    13 |    11 ||    40
         Potion            |       |       |     1 |    19 ||    20
   Stab: Sleeping          |       |       |     1 |       ||     1
 Armour: Robe              |     5 |     7 |    22 |       ||    34
         Steam dragon scal |       |       |       |    91 ||    91
  Dodge: Dodged            |     3 |    14 |    83 |   195 ||   295

Table legend: (Time is in decaauts)
 A = Elapsed time spent in this place.
 B = Non-inter-level travel time spent in this place.
 C = Inter-level travel time spent in this place.
 D = Time resting spent in this place.
 E = Time spent auto-exploring this place.
 F = Levels seen in this place.
 G = Mean time per level.
                   A        B        C        D        E       F      G
               +--------+--------+--------+--------+--------+-----+--------+
         Total |  15458 |  14976 |    482 |   5942 |   6760 |  15 | 1030.5 |
       Dungeon |  14706 |  14255 |    451 |   5647 |   6556 |  12 | 1225.5 |
        Temple |    185 |    154 |     31 |      0 |    146 |   1 |  185.0 |
       Ossuary |    420 |    420 |      0 |    295 |     58 |   1 |  420.0 |
      Gauntlet |    145 |    145 |      0 |      0 |      0 |   1 |  145.0 |
               +--------+--------+--------+--------+--------+-----+--------+

Top non-repeatable levels by time:
     D:9: 2071 daAuts
     D:8: 1885 daAuts
    D:11: 1524 daAuts
     D:4: 1435 daAuts
     D:3: 1435 daAuts
     D:1: 1299 daAuts
     D:6: 1253 daAuts
     D:5: 1198 daAuts
     D:7: 1186 daAuts
    D:10: 907 daAuts
     D:2: 496 daAuts
 Ossuary: 420 daAuts
  Temple: 185 daAuts
Gauntlet: 145 daAuts
    D:12: 12 daAuts
